Unix NetHack Version 5.0.0-0 post-release - last build Jun 10 2026 00:39:30 (3ee93aec679c4c4259841fe613dc97188e26a321,branch:main).

Game began 2026-06-14 11:47:06, ended 2026-06-14 11:58:10.

Booker, lawful male dwarven Archeologist

                                          -
                                         -.--
                                   ---- G...-----
                                 ......0....0@...
                                ...........d.----
                               -G.............
                                -.............
                                |.....---.--
                               --..---- ---
                              .....--
                              ......0|
                             .......<--
                             ..........
                             ..^.......
                              --.......
                               ----...
                                  |..

Booker the Digger          St:17 Dx:9 Co:15 In:12 Wi:15 Ch:7  Lawful S:170
Dlvl:3  $:22 HP:0(15) Pw:1(1) AC:9  Xp:1/12 T:494 

Latest messages:
 You read: "(l s?  ?o? i v???? ?".
 You see here an uncursed +0 pick-axe.
 "Hello, Booker!  Welcome again to Adjama's general store!"
 You see here a dark potion (for sale, 400 zorkmids).
 You see here a food ration (for sale, 68 zorkmids).
 You see here a scroll labeled DUAM XNAHT (for sale, 30 zorkmids).
 "For you, most gracious sir; only 30 zorkmids for this scroll labeled DUAM XNAHT."
 You decipher the label on Adjama's scroll labeled DUAM XNAHT.
 o - a scroll of identify (unpaid, 30 zorkmids).
 Monday picks up a food ration.
 You see here a food ration (for sale, 68 zorkmids).
 What do you want to drop? [$a-df-mo or ?*]
 You drop a scroll of identify (unpaid, 30 zorkmids).
 Something is written here in the dust.
 You read: "?l s    c? i v ? ? ?".
 You see here an uncursed +0 pick-axe.
 e - an uncursed +0 pick-axe.
 Monday drops a food ration.
 p - a clove of garlic.
 There is nothing here to pick up.
 You swap places with Monday.
 You swap places with Monday.
 You descend the stairs.
 What do you want to use or apply? [ae-jl or ?*]
 Your lamp is now on.
 The gnome falls into a pit!
 You see here 2 violet gems.
 q - 2 violet gems.
 What do you want to use or apply? [ae-jl or ?*]
 What do you want to rub on the stone? [$q or ?*]
 q - 2 worthless pieces of violet glass.
 You kill the goblin!
 r - an iron skull cap.
 Monday eats a goblin corpse.
 You swap places with the peaceful gnome.
 You see here a large box.
 #
 Hmmm, the large box turns out to be locked.
 Unlock it with your lock pick? [ynq] (q)
 You succeed in picking the lock.
 #
 You decipher the label on your scroll labeled ABRA KA DABRA.
 s - a scroll of light.
 t - a yellowish brown gem.
 What do you want to use or apply? [ae-jl or ?*]
 What do you want to rub on the stone? [$t or ?*]
 t - a worthless piece of yellowish brown glass.
 Click!  You trigger a rolling boulder trap!
 You are hit by a boulder!
 You die...

Inventory:
 Coins    ('$')
  $ - 22 gold pieces
 Weapons  (')')
  a - an uncursed +2 bullwhip (weapon in right hand)
 Armor    ('[')
  c - an uncursed +0 fedora (being worn)
  r - an uncursed +0 orcish helm
  b - an uncursed +0 leather jacket (being worn)
 Comestibles  ('%')
  p - an uncursed clove of garlic
  d - 4 uncursed food rations
 Scrolls  ('?')
  k - an uncursed scroll of confuse monster
  s - an uncursed scroll of light
 Spellbooks  ('+')
  l - an uncursed spellbook of confuse monster
 Potions  ('!')
  m - an uncursed potion of healing
 Tools    ('(')
  h - an empty uncursed sack
  j - an uncursed lock pick
  i - an uncursed oil lamp (lit)
  e - an uncursed +0 pick-axe
  f - an uncursed tinning kit (0:86)
 Gems/Stones  ('*')
  q - 2 uncursed worthless pieces of violet glass
  t - an uncursed worthless piece of yellowish brown glass
  g - an uncursed touchstone

Booker the Archeologist's attributes:

Background:
 You were a Digger, a level 1 male dwarven Archeologist.
 You were lawful, on a mission for Quetzalcoatl
 who was opposed by Camaxtli (neutral) and Huhetotl (chaotic).
 You were right-handed.
 You were in the Gnomish Mines, on level 3.
 You entered the dungeon 494 turns ago.
 There was a new moon in effect when your adventure ended.
 You had 12 experience points, 8 more were needed to attain level 2.
 Your score was 170 before end-of-game adjustments.

Basics:
 You had 0 out of 15 hit points.
 You had 1 out of 1 energy points (spell power).
 Your armor class was 9.
 Your wallet contained 22 zorkmids.
 Autopickup was on for '$%?!"=/' plus thrown, with exceptions.

Final Characteristics:
 Your strength was 17 (limit:18/100).
 Your dexterity was 9 (limit:20).
 Your constitution was 15 (limit:20).
 Your intelligence was 12 (limit:16).
 Your wisdom was 15 (limit:16).
 Your charisma was 7 (limit:16).

Final Status:
 You weren't hungry.
 You were unencumbered.
 You were wielding a whip.
 You had basic skill with whip.

Final Attributes:
 You were fervently aligned.
 You had automatic searching.
 You had infravision.
 You were lucky.
 You are dead.

Miscellaneous:
 You disabled loading and storing of bones levels.
 Total elapsed playing time was 11 minutes and 3 seconds.

Major events:
 Turn
    1: Booker the lawful male dwarven Archeologist entered the dungeon
  450: entered the Gnomish Mines
  494: killed by a boulder

You didn't know any spells.

Skills:
 Fighting Skills
   bare handed combat [Unskilled]
   two weapon combat  [Unskilled]
   riding             [Unskilled]
 Weapon Skills
   dagger             [Unskilled]
   knife              [Unskilled]
   pick-axe           [Basic]
   short sword        [Unskilled]
   saber              [Unskilled]
   club               [Unskilled]
   quarterstaff       [Unskilled]
   sling              [Unskilled]
   dart               [Unskilled]
   boomerang          [Unskilled]
   whip               [Basic]
   unicorn horn       [Unskilled]
 Spellcasting Skills
   attack spells      [Unskilled]
   healing spells     [Unskilled]
   divination spells  [Unskilled]
   matter spells      [Unskilled]

Voluntary challenges:
 Character rerolling was not enabled.
 You went without food.
 You were an atheist.
 You never genocided any monsters.
 You never polymorphed an object.
 You never changed form.
 You used no wishes.
Achievements:
 You entered a shop.
 You entered the Gnomish Mines.

 The Dungeons of Doom: levels 1 to 2
    Level 1:
    Level 2:
       A general store.
       Stairs down to The Gnomish Mines.
 The Gnomish Mines:
    Level 3: <- You were here.
       Final resting place for
          you, killed by a boulder.


Vanquished creatures:
  4 jackals
  a goblin
  a grid bug
  a lichen
  a newt
8 creatures vanquished.

No species were genocided or became extinct.

Game over:
                       ----------
                      /          \
                     /    REST    \
                    /      IN      \
                   /     PEACE      \
                  /                  \
                  |      Booker      |
                  |      22 Au       |
                  |   killed by a    |
                  |     boulder      |
                  |                  |
                  |                  |
                  |       2026       |
                 *|     *  *  *      | *
        _________)/\\_//(\/(/\)/\//\/|_)_______

Goodbye Booker the Archeologist...

You died in The Gnomish Mines on dungeon level 3 with 168 points,
and 22 pieces of gold, after 494 moves.
You were level 1 with a maximum of 15 hit points when you died.

